 Dungeon Crawl Stone Soup version 0.25-a0-458-g6fc7858b95 (webtiles) character file.

Game seed: 635793448249502849, levelgen mode: deterministic

511 MisterFreud the Stinger (level 7, 0/50 HPs)
             Began as a Gnoll Venom Mage on Feb 3, 2020.
             Slain by Pikel
             ... wielding a +1 whip of flaming
              (7 damage)
             ... on level 4 of the Dungeon.
             The game lasted 00:10:08 (3907 turns).

MisterFreud the Stinger (Gnoll Venom Mage)          Turns: 3907, Time: 00:10:09

Health: 0/50       AC:  4    Str: 10    XL:     7   Next: 19%
Magic:  14/15      EV: 15    Int: 19    God:
Gold:   181        SH:  0    Dex: 16    Spells: 13/17 levels left

rFire    . . .     SeeInvis +   y - +1 short sword (elec)
rCold    . . .     Gourm    .   (no shield)
rNeg     . . .     Faith    .   a - +0 robe
rPois    .         Spirit   .   p - +1 helmet {SInv}
rElec    .         Reflect  .   (no cloak)
rCorr    .         Harm     .   (no gloves)
MR       .....                  (no boots)
Stlth    +++.......             (no amulet)
HPRegen  0.16/turn              (no ring)
MPRegen  0.14/turn              (no ring)

@: no status effects
A: distributed training, fangs 1, strong nose
a: no special abilities


You were on level 4 of the Dungeon.
You were not hungry.

You visited 1 branch of the dungeon, and saw 5 of its levels.

You collected 181 gold pieces.

Inventory:

Hand Weapons
 e - a +0 short sword
 u - a +2 dagger of speed
 y - a +1 short sword of electrocution (weapon)
Missiles
 b - 39 stones (quivered)
 i - 41 arrows
 k - 40 bolts
 m - 3 poisoned darts
 v - 3 javelins
 w - 7 atropa-tipped darts
Armour
 a - a +0 robe (worn)
 p - a +1 helmet of see invisible (worn)
Wands
 n - a wand of flame (20)
 q - a wand of polymorph (6)
Scrolls
 f - 3 scrolls of identify {unknown}
 h - 3 scrolls of enchant weapon {unknown}
 l - a scroll of teleportation {unknown}
 s - 2 scrolls of remove curse {unknown}
 A - a scroll of fear {unknown}
 C - a scroll of magic mapping {unknown}
Potions
 d - a potion of cancellation {unknown}
 g - a potion of brilliance {unknown}
 j - 2 potions of curing {unknown}
 r - a potion of magic {unknown}
 t - 2 potions of heal wounds {unknown}
 x - 3 potions of mutation {unknown}
 z - a potion of berserk rage {unknown}
 B - a potion of haste {unknown}
 D - a potion of lignification {unknown}
Comestibles
 c - 4 rations


   Skills:
 + Level 2.3 Fighting
 + Level 2.3 Short Blades
 + Level 2.3 Long Blades
 + Level 2.3 Axes
 + Level 2.3 Maces & Flails
 + Level 2.3 Polearms
 + Level 2.3 Staves
 + Level 2.3 Slings
 + Level 2.3 Bows
 + Level 2.3 Crossbows
 + Level 2.3 Throwing
 + Level 2.3 Armour
 + Level 5.1 Dodging
 + Level 4.8 Stealth
 + Level 2.3 Shields
 + Level 2.3 Unarmed Combat
 + Level 5.5 Spellcasting
 + Level 1.8 Conjurations
 + Level 1.8 Hexes
 + Level 1.8 Charms
 + Level 1.8 Summonings
 + Level 1.8 Necromancy
 + Level 1.8 Translocations
 + Level 2.8 Transmutations
 + Level 1.8 Fire Magic
 + Level 1.8 Ice Magic
 + Level 1.8 Air Magic
 + Level 1.8 Earth Magic
 + Level 5.8 Poison Magic
 + Level 2.5 Invocations
 + Level 2.3 Evocations


You had 13 spell levels left.
You knew the following spells:

 Your Spells              Type           Power        Failure   Level  Hunger
a - Sting                 Tmut/Pois      ###.         1%          1    None
b - Mephitic Cloud        Conj/Pois/Air  ###.....     10%         3    ##.....

Your spell library contained the following spells:

 Spells                   Type           Power        Failure   Level  Hunger
 Poisonous Vapours        Pois/Air       ###...       3%          2    None
 Ignite Poison            Fire/Tmut/Pois ###.....     9%          3    ##.....
 Olgreb's Toxic Radiance  Pois           ####....     11%         4    ####...


Dungeon Overview and Level Annotations

Branches:
Dungeon (5/15)
 Temple: D:4-7

Altars:
Ashenzari
The Shining One

Annotations:
D:4 Pikel
D:5 Ijyb


Innate Abilities, Weirdness & Mutations

Your experience applies equally to all skills.
You have very sharp teeth.
Your uncanny sense of smell can sniff out nearby items.


Message History

Aim: Pikel, wielding a +1 whip of flaming and wearing a +1 robe of fire resistance (severely wounded)
The sting misses Pikel.
The slave hits you.
* * * LOW HITPOINT WARNING * * *
Pikel barely misses you.
You closely miss Pikel.
Pikel is severely wounded.
The slave hits you but does no damage. Pikel barely misses you.
You miss Pikel.
Pikel is severely wounded.
The slave misses you. Pikel completely misses you.
You hit Pikel but do no damage.
Pikel is severely wounded.
The slave hits you.
* * * LOW HITPOINT WARNING * * *
Pikel closely misses you.
You hit Pikel but do no damage.
Pikel is severely wounded.
The slave hits you but does no damage.
Pikel hits you with a +1 whip of flaming!
You die...

....# ##.......#
....# ##........##.
....# #............
....####.......###...
.....#..........#
##.∆
......##........## ∆
......##.........#
.....K##.......p.#
....p.##.......K@#
......>#.......p.#
.......#........##
....#..##.......#
....##..##.....##
...# #.p####...#
..#####.## ##### ..
#.....# #.....#


You could see Pikel and 2 slaves.

Vanquished Creatures
  Sigmund (D:2)
  2 slaves (D:4)
  2 howler monkeys (D:4)
  A hound (D:4)
  Terence (D:2)
  2 worker ants (D:4)
  Robin (D:2)
  4 adders
  3 oozes
  An adder skeleton (D:4)
  A worm (D:4)
  2 dart slugs
  4 leopard geckos
  9 orcs
  2 giant cockroaches
  23 goblins
  10 hobgoblins
  8 kobolds
  9 bats
  2 frilled lizards
  A leopard gecko skeleton (D:4)
  12 rats
101 creatures vanquished.

Notes
Turn   | Place    | Note
-------+----------+-------------------------------------------
     0 | D:1      | MisterFreud the Gnoll Venom Mage began the quest for the
                  | Orb.
     0 | D:1      | Reached XP level 1. HP: 13/13 MP: 6/6
    66 | D:1      | Reached XP level 2. HP: 19/19 MP: 4/7
   567 | D:1      | Reached XP level 3. HP: 25/25 MP: 6/9
   671 | D:1      | Reached skill level 5 in Spellcasting
  1251 | D:2      | Reached skill level 1 in Invocations
  1339 | D:2      | Noticed Robin
  1372 | D:2      | Reached skill level 1 in Fighting
  1372 | D:2      | Reached skill level 1 in Short Blades
  1372 | D:2      | Reached skill level 1 in Long Blades
  1372 | D:2      | Reached skill level 1 in Axes
  1372 | D:2      | Reached skill level 1 in Maces & Flails
  1372 | D:2      | Reached skill level 1 in Polearms
  1372 | D:2      | Reached skill level 1 in Staves
  1372 | D:2      | Reached skill level 1 in Slings
  1372 | D:2      | Reached skill level 1 in Bows
  1372 | D:2      | Reached skill level 1 in Crossbows
  1372 | D:2      | Reached skill level 1 in Throwing
  1372 | D:2      | Reached skill level 1 in Armour
  1372 | D:2      | Reached skill level 1 in Shields
  1372 | D:2      | Reached skill level 1 in Unarmed Combat
  1372 | D:2      | Reached skill level 1 in Evocations
  1482 | D:2      | Reached XP level 4. HP: 27/32 MP: 8/11
  1511 | D:2      | Noticed Terence
  1527 | D:2      | Killed Terence
  1545 | D:2      | Killed Robin
  1545 | D:2      | Reached skill level 1 in Conjurations
  1545 | D:2      | Reached skill level 1 in Hexes
  1545 | D:2      | Reached skill level 1 in Charms
  1545 | D:2      | Reached skill level 1 in Summonings
  1545 | D:2      | Reached skill level 1 in Necromancy
  1545 | D:2      | Reached skill level 1 in Translocations
  1545 | D:2      | Reached skill level 1 in Fire Magic
  1545 | D:2      | Reached skill level 1 in Ice Magic
  1545 | D:2      | Reached skill level 1 in Air Magic
  1545 | D:2      | Reached skill level 1 in Earth Magic
  1866 | D:2      | Noticed Sigmund
  1882 | D:2      | Killed Sigmund
  1882 | D:2      | Reached XP level 5. HP: 27/38 MP: 6/12
  1882 | D:2      | Reached XP level 6. HP: 31/44 MP: 6/13
  2032 | D:2      | Found a glowing golden altar of the Shining One.
  2758 | D:3      | Reached skill level 5 in Dodging
  2822 | D:3      | Learned a level 3 spell: Mephitic Cloud
  3428 | D:4      | Found a shattered altar of Ashenzari.
  3492 | D:4      | Reached XP level 7. HP: 44/50 MP: 15/15
  3594 | D:4      | Noticed Pikel
  3643 | D:5      | Entered Level 5 of the Dungeon
  3643 | D:5      | Noticed Ijyb
  3907 | D:4      | Slain by Pikel

Levels and vault maps discovered:
D:1:      minmay_arrival_four_houses, layout_rooms, grunt_decor_arrowhead,
          corexii_corridor_pit, hangedman_decor_push
D:2:      layout_basic, first_ration, tso_metal_star, uniq_sigmund,
          uniq_terence, uniq_robin
D:3:      layout_basic, minmay_fractal_squares_diagonal_5
D:4:      layout_cave_pods, led_sif_book, lemuel_crystal_altar,
          minmay_misc_feat_four_crosses, uniq_pikel
D:5:      layout_cave_pools, minmay_temple_entry_mini_moons, uniq_ijyb

Skill      XL: |  1  2  3  4  5  6 |
---------------+-------------------+-----
Transmutations | 2 |  2.8
Spellcasting   | 5 |  5.5
Invocations    | 1 2 |  2.5
Fighting       | 1 2 |  2.3
Short Blades   | 1 2 |  2.3
Long Blades    | 1 2 |  2.3
Axes           | 1 2 |  2.3
Maces & Flails | 1 2 |  2.3
Polearms       | 1 2 |  2.3
Staves         | 1 2 |  2.3
Slings         | 1 2 |  2.3
Bows           | 1 2 |  2.3
Crossbows      | 1 2 |  2.3
Throwing       | 1 2 |  2.3
Armour         | 1 2 |  2.3
Shields        | 1 2 |  2.3
Unarmed Combat | 1 2 |  2.3
Evocations     | 1 2 |  2.3
Conjurations   | 1 |  1.8
Hexes          | 1 |  1.8
Charms         | 1 |  1.8
Summonings     | 1 |  1.8
Necromancy     | 1 |  1.8
Translocations | 1 |  1.8
Fire Magic     | 1 |  1.8
Ice Magic      | 1 |  1.8
Air Magic      | 1 |  1.8
Earth Magic    | 1 |  1.8
Dodging        | 5 |  5.1
Stealth        | |  4.8
Poison Magic   | |  5.8

Action                   |  1- 3 |  4- 6 |  7- 9 || total
-------------------------+-------+-------+-------++-------
Melee: Short sword       |    20 |    73 |    39 ||   132
       Bite              |     1 |     4 |     2 ||     7
       Unarmed           |       |     1 |       ||     1
       Dagger            |       |    16 |       ||    16
       Punch             |       |     1 |       ||     1
 Cast: Sting             |    58 |    59 |    10 ||   127
 Stab: Sleeping          |     3 |     6 |     1 ||    10
  Eat: Chunk             |     2 |     6 |     1 ||     9
Armor: Robe              |     5 |    20 |     5 ||    30
Dodge: Dodged            |    23 |    90 |    27 ||   140

Table legend:
 A = Non-vault XP
 B = Vault XP
 C = Vault XP percentage of total XP
 D = Non-vault monster count
 E = Vault monster count
 F = Vault count percentage of total count
                 A         B        C        D         E       F
            +---------+---------+-------+---------+---------+-------
      Total |     427 |     304 |  41.6 |      81 |      18 |  18.2
            +---------+---------+-------+---------+---------+-------
        D:1 |      51 |       0 |   0.0 |      29 |       0 |   0.0
        D:2 |      29 |     294 |  91.0 |      13 |      14 |  51.9
        D:3 |      96 |      10 |   9.4 |      28 |       4 |  12.5
        D:4 |     251 |       0 |   0.0 |      11 |       0 |   0.0
            +---------+---------+-------+---------+---------+-------
